 Dungeon Crawl Stone Soup version 0.30.0-10-gfe55d96785 (webtiles) character file.

Game seed: 1200785188222148696

232907 tizbic2 the Tortoise (level 19, 0/157 HPs)
             Began as a Formicid Hunter on May 15, 2023.
             Was a High Priest of Zin.
             Drowned by a quicksilver ooze (9 damage)
             ... on level 4 of the Lair of Beasts.
             The game lasted 03:36:13 (33966 turns).

tizbic2 the Tortoise (Formicid Hunter)             Turns: 33966, Time: 03:36:13

Health: 0/157      AC: 46    Str: 24    XL:     19   Next: 84%
Magic:  5/40       EV:  6    Int:  5    God:    Zin [*****.]
Gold:   338        SH: 21    Dex: 24    Spells: 17/18 levels left

rFire   + . .        j - +3 arbalest (freeze)
rCold   . . .        H - +0 tower shield {reflect}
rNeg    + . .        x - +14 crystal plate armour {ponderous}
rPois   .            (helmet unavailable)
rElec   +            G - +0 cloak
rCorr   +            t - +1 pair of gloves "Maefary" {rCorr}
SInv    +            w - +0 pair of boots of a Million Invaders {rElec rN+ Dex+3}
Will    +....        V - amulet of regeneration Stlth
                     z - ring "Xitol" {Fly rF+ rCorr Str+4 SInv}
HPRegen 1.26/turn    v - ring "Suwud" {+Blink rElec rCorr MP+9 Int-4 Slay+4}
MPRegen 0.27/turn

%: reflection
@: engulfed (cannot breathe), flying, studying Air Magic, slow
A: permanent stasis, dig shafts and tunnels, antennae 3, four strong arms
}: 2/15 runes: decaying, serpentine
a: Dig, Shaft Self, Renounce Religion, Recite, Vitalisation, Imprison,
Sanctuary, Donate Gold


You were on level 4 of the Lair of Beasts.
You worshipped Zin.
Zin was extremely pleased with you.
You visited 7 branches of the dungeon, and saw 32 of its levels.
You also visited: Volcano.

You collected 3448 gold pieces.
You spent 2923 gold pieces at shops.
You donated 187 gold pieces to Zin.

Inventory:

Hand Weapons
 a - the +8 storm bow {elec, penet}
   (You bought it in a shop on level 1 of the Snake Pit)
 c - a +0 long sword of holy wrath
 d - a +4 hand axe of freezing
 j - a +3 arbalest of freezing (weapon)
 C - a +4 scimitar of flaming
 R - a +2 antimagic shortbow
Missiles
 i - 2 throwing nets
 u - 5 silver javelins
Armour
 e - +0 swamp dragon scales
 q - a +0 pair of gloves of infusion
 r - a +2 chain mail of positive energy
 s - a scarf of repulsion
 t - the +1 pair of gloves "Maefary" (worn) {rCorr}
   (You found it on level 4 of the Swamp)

   rCorr:     It protects you from acid and corrosion.
 w - the +0 pair of boots of a Million Invaders (worn) {rElec rN+ Dex+3}
   (You found it on level 2 of the Snake Pit)

   Dex:       It affects your dexterity (+3).
   rElec:     It insulates you from electricity.
   rN:        It protects you from negative energy.
 x - a +14 crystal plate armour of ponderousness (worn)
 G - a +0 cloak (worn)
 H - a +0 tower shield of reflection (worn)
 T - a +2 chain mail of fire resistance
 W - the +0 kite shield "Tifunuxt" {rN+ Str-3 Dex+5}
   (You acquired it on level 4 of the Lair of Beasts)

   Str:       It affects your strength (-3).
   Dex:       It affects your dexterity (+5).
   rN:        It protects you from negative energy.
Jewellery
 l - the amulet "Muhukioh" {Spirit Str+2 SInv}
   (You bought it in a shop on level 2 of the Orcish Mines)

   [amulet of guardian spirit]

   It causes incoming damage to be divided between your reserves of health and
   magic.
   Str:       It affects your strength (+2).
   SInv:      It lets you see invisible.
 m - a +6 ring of dexterity
 v - the ring "Suwud" (right hand) {+Blink rElec rCorr MP+9 Int-4 Slay+4}
   (You bought it in a shop on level 5 of the Dungeon)

   [ring of resist corrosion]

   Int:       It affects your intelligence (-4).
   Slay:      It affects your accuracy & damage with ranged weapons and melee
   (+4).
   rElec:     It insulates you from electricity.
   MP:        It affects your magic capacity (+9).
   +Blink:    It lets you blink.
   rCorr:     It protects you from acid and corrosion.
 z - the ring "Xitol" (left hand) {Fly rF+ rCorr Str+4 SInv}
   (You acquired it on level 3 of the Swamp)

   [ring of protection from fire]

   Str:       It affects your strength (+4).
   rF:        It protects you from fire.
   SInv:      It lets you see invisible.
   Fly:       It grants you flight.
   rCorr:     It protects you from acid and corrosion.
 O - a ring of positive energy
 Q - a +5 ring of evasion
 V - an amulet of regeneration (around neck)
Wands
 p - a wand of digging (11)
 A - a wand of iceblast (21)
 B - a wand of charming (24)
 D - a wand of flame (42)
 F - a wand of quicksilver (25)
 L - a wand of mindburst (3)
Scrolls
 b - 11 scrolls of immolation
 k - 10 scrolls of poison
 E - 2 scrolls of fog
 I - 8 scrolls of identify
 K - 2 scrolls of vulnerability
 X - a scroll of silence
 Y - 3 scrolls of magic mapping
 Z - 5 scrolls of fear
Potions
 f - a potion of flight
 g - 8 potions of brilliance
 h - 5 potions of might
 n - 7 potions of curing
 o - a potion of resistance
 M - 7 potions of mutation
 N - 2 potions of invisibility
 P - 5 potions of magic
 S - 3 potions of cancellation
Miscellaneous
 J - a phial of floods (inert)
 U - a condenser vane


   Skills:
 + Level 16.3 Fighting
 - Level 6.9 Long Blades
 - Level 18.0 Ranged Weapons
 * Level 18.3 Armour
 - Level 1.7 Dodging
 - Level 1.2 Stealth
 + Level 14.3 Shields
 + Level 17.3 Invocations


You had 17 spell levels left.
You knew the following spells:

 Your Spells              Type           Power      Damage    Failure   Level
a - Apportation           Tloc           0%         N/A       100%        1

Your spell library contained the following spells:

 Spells                   Type           Power      Damage    Failure   Level
 Foxfire                  Conj/Fire      0%         2x1d4     100%        1
 Kiss of Death            Conj/Necr      0%         2d5       100%        1
 Necrotise                Necr           0%         1d4       100%        1
 Sting                    Tmut/Pois      0%         1d3       100%        1
 Lesser Beckoning         Tloc           0%         N/A       100%        2
 Passwall                 Tmut/Erth      0%         N/A       100%        2
 Static Discharge         Conj/Air       0%         2-2/arc   100%        2
 Sublimation of Blood     Necr           0%         N/A       100%        2
 Confusing Touch          Hex            0%         N/A       100%        3
 Dazzling Flash           Conj/Hex       0%         N/A       100%        3
 Gell's Gravitas          Tloc           0%         N/A       100%        3
 Hailstorm                Conj/Ice       0%         3d3       100%        3
 Ignite Poison            Fire/Tmut/Pois 0%         N/A       100%        3
 Inner Flame              Hex/Fire       0%         N/A       100%        3
 Portal Projectile        Hex/Tloc       0%         N/A       100%        3
 Stone Arrow              Conj/Erth      0%         3d7       100%        3
 Teleport Other           Tloc           0%         N/A       100%        3
 Animate Armour           Summ/Erth      0%         N/A       100%        4
 Dispel Undead            Necr           0%         3d6       100%        4
 Flame Wave               Conj/Fire      0%         2d4       100%        4
 Leda's Liquefaction      Hex/Erth       0%         N/A       100%        4
 Passage of Golubria      Tloc           0%         N/A       100%        4
 Petrify                  Tmut/Erth      0%         N/A       100%        4
 Sticky Flame             Conj/Fire      0%         2d3       100%        4
 Alistair's Intoxication  Tmut/Pois      0%         N/A       100%        5
 Arcjolt                  Conj/Air       0%         1d10      100%        5
 Fireball                 Conj/Fire      0%         3d3       100%        5
 Freezing Cloud           Conj/Ice/Air   0%         6-21      100%        5
 Irradiate                Conj/Tmut      0%         3d11      100%        5
 Iskenderun's Battlesphe  Conj           0%         2d6       100%        5
 Silence                  Hex/Air        0%         N/A       100%        5
 Summon Forest            Summ/Tloc      0%         N/A       100%        5
 Conjure Ball Lightning   Conj/Air       0%         3x3d6     100%        6
 Eringya's Noxious Bog    Tmut/Pois      0%         N/A       100%        6
 Iron Shot                Conj/Erth      0%         9d1       100%        6
 Plasma Beam              Fire/Air       0%         2x1d11    100%        6
 Starburst                Conj/Fire      0%         6d3       100%        6
 Statue Form              Tmut/Erth      0%         N/A       100%        6
 Orb of Destruction       Conj           0%         9d5       100%        7
 Summon Hydra             Summ           0%         N/A       100%        7
 Borgnjor's Revivificati  Necr           0%         N/A       100%        8
 Ignition                 Fire           0%         3d3       100%        8
 Infestation              Necr           0%         N/A       100%        8
 Lehudib's Crystal Spear  Conj/Erth      0%         10d2      100%        8
 Maxwell's Capacitive Co  Air            0%         ∞         100%        8
 Necromutation            Tmut/Necr      0%         N/A       100%        8
 Death's Door             Necr           0%         N/A       100%        9
 Vhi's Electric Charge    Tloc/Air       Unusable   N/A       N/A         3

Dungeon Overview and Level Annotations

Branches:
Dungeon (14/15)            Temple (1/1) D:5            Lair (5/5) D:11
  Swamp (4/4) Lair:2        Snake (4/4) Lair:2        Slime (2/5) Lair:4
    Orc (2/2) D:11            Elf (0/3) Orc:2        Vaults (0/5) D:13
Volcano (visited)

Altars:
Ashenzari
Cheibriados
Dithmenos
Elyvilon
Fedhas
Gozag
Hepliaklqana
Kikubaaqudgha
Makhleb
Nemelex Xobeh
Okawaru
Qazlal
Ru
Sif Muna
Trog
Uskayaw
Vehumet
Wu Jian
Xom
Yredelemnul
Zin
The Shining One

Shops:
D:3 ?   D:5 =   D:13 !!   Orc:2 =(*[   Snake:1 (*   Snake:2 (   Snake:3 [

Annotations:
Lair:5 1 runed translucent door, Rupert
Snake:4 Mara


Innate Abilities, Weirdness & Mutations

You cannot be hasted, slowed, berserked, paralysed or teleported.
You can dig through walls and to a lower floor.
You have a pair of large antennae on your head. (SInv)
Your four strong arms can wield two-handed weapons with a shield.


Message History

The quicksilver ooze hits you but does no damage.
Activating: Sanctuary (1% risk of failure)
Press: ? - help, Dir - look around, f - activate You hear a choir sing!
By Zin's power, all blood is cleared from the sanctuary.
The monsters scatter in all directions!
Zin will no longer cleanse your potions of mutation.
Unknown command.
You are ready to recite again.
There is a staircase back to the Lair here.
You fly upwards.
Welcome back to the Lair of Beasts!
There is a staircase to the Slime Pits here.
Press: ? - help, v - describe, . - travel A staircase to the Slime Pits.
Okay, then.
Okay, then.
Press: ? - help, v - describe, . - travel
Here: a quicksilver ooze The floor.
Okay, then.
Okay, then.
Unknown command.
The quicksilver ooze hits you. The quicksilver ooze engulfs you!
You block the quicksilver ooze's attack.
The quicksilver ooze attacks as you move away!
The quicksilver ooze hits you!
* * * LOW HITPOINT WARNING * * *
You block the quicksilver ooze's attack.
You slip free of the ooze engulfing you.
You gasp with relief as air once again reaches your lungs.
The quicksilver ooze hits you. The quicksilver ooze engulfs you!
The quicksilver ooze hits you but does no damage.
Okay, then.
Fire: j) +3 arbalest (freeze)
Press: ? - help, Q - select action, (/) - cycle Shift-Dir - straight line, f - quicksilver ooze
Aim: a quicksilver ooze (68% to hit)
You shoot a bolt. The bolt hits the quicksilver ooze!
The bolt freezes the quicksilver ooze.
The quicksilver ooze is moderately wounded.
You die...

.................................
.................................
#P.....#....##...P....#####......
#.P....###.###.P.P..### ####...#
PP.....##...##..P....#####..#....
PPP....##.......................#
.#.....##.......>....##....##....
##.....###......J...###...###....
#......##.#.....@...P###.####....
##..................P#######....#
....................P##...#.#....
.................................
.................................
.................................
.................................
.......#...#...##....#.##.#......
+##...###.###..##....######......


You could see a quicksilver ooze.

Vanquished Creatures
  Bai Suzhen (Snake:4)
  Asterion (Snake:2)
  An acid blob (Slime:1)
  3 thorn hunters (Swamp:3)
  Roxanne (Swamp:3)
  2 nagarajas (Snake:4)
  A fenstrider witch (Swamp:4)
  Aizul (Snake:4)
  An orc warlord (Orc:2)
  A quicksilver ooze (Lair:4)
  The ghost of selver the Grappler, a journeyman TrBe of Trog (Lair:3)
  A stone giant (Volcano)
  9 eleionomae
  The ghost of esper6 the Unseen, a journeyman DsBr of Wu Jian (Orc:2)
  4 dire elephants (Lair:5)
  The ghost of qdestroyer the Blocker, a journeyman GnFi of Qazlal (D:13)
  Azrael (Snake:2)
  3 bunyips
  Snorg (Lair:5)
  An ettin (Orc:1)
  4 shambling mangroves
  4 salamander tyrants
  17 hydras
  3 ghost crabs
  An ogre mage (D:10)
  5 vault guards (D:13)
  6 anacondas
  An ice dragon (Swamp:1)
  A catoblepas (Lair:3)
  2 centaur warriors
  5 boulder beetles
  23 naga warriors
  Urug (D:13)
  13 alligators
  14 naga sharpshooters
  4 orc high priests (Orc:2)
  7 shock serpents
  3 spriggan berserkers
  12 spriggans
  Nergalle (D:11)
  2 skysharks
  A deep elf knight (D:13)
  6 goliath frogs
  A spectral death yak (Lair:2)
  5 salamander mystics
  A spectral anaconda (Lair:5)
  A spriggan druid (Swamp:3)
  15 swamp dragons
  An obsidian statue (Lair:5)
  A spectral hydra (Lair:2)
  8 bog bodies
  2 wizards (D:13)
  5 naga ritualists
  4 necromancers (Lair:5)
  5 mana vipers
  18 salamanders
  2 oklob plants (Swamp:3)
  An orc knight (Orc:1)
  A wolf spider (Lair:5)
  A shining eye (Slime:1)
  9 orc sorcerers
  3 will-o-the-wisps
  A dire elephant zombie (Lair:5)
  11 elephants
  4 cyclopes
  A manticore (D:13)
  39 black mambas
  8 guardian serpents
  4 gargoyles
  A molten gargoyle (Volcano)
  A dire elephant skeleton (Lair:5)
  22 naga magi
  3 rime drakes
  15 cane toads
  12 komodo dragons
  A spectral skyshark (Lair:2)
  An unseen horror (D:10)
  A tengu conjurer (D:13)
  A yaktaur (D:13)
  2 efreet
  8 trolls
  A polar bear (Lair:2)
  A bloated husk (Swamp:4)
  16 hornets
  2 spectral elephants (Lair:5)
  Grinder (D:5)
  24 blink frogs
  5 tyrant leeches
  22 slime creatures
  A dire elephant simulacrum (Lair:5)
  A shadow (D:12)
  21 yaks
  A vampire (D:11)
  A ynoxinul (D:13)
  4 fire bats
  4 basilisks
  2 humans
  5 wyverns
  4 hogs (Swamp:1)
  12 vampire mosquitoes
  2 wraiths (D:12)
  4 fire elementals
  A steam dragon (D:11)
  A warg (Orc:1)
  63 nagas
  An acid dragon (D:10)
  10 swamp worms
  9 water moccasins
  A spectral yak (Lair:2)
  4 hell hounds (Snake:2)
  26 orc warriors
  7 swamp drakes
  A sky beast (D:8)
  4 ice beasts
  3 elephant zombies (Lair:5)
  4 black bears
  10 centaurs
  5 ogres
  A phantom (D:5)
  16 wolves
  14 bullfrogs
  A kobold brigand (D:7)
  A gnoll sergeant (D:9)
  An earth elemental (Volcano)
  2 scorpions
  15 wights
  2 elephant simulacra (Lair:5)
  22 killer bees
  2 electric eels (Lair:2)
  2 howler monkeys
  2 centaur zombies (D:9)
  9 lava snakes
  A crimson imp (D:9)
  6 jellies
  3 hounds
  20 orc priests
  A gnoll bouda (D:7)
  3 sleepcaps
  5 iguanas
  25 orc wizards
  9 hell rats (Lair:1)
  2 howler monkey zombies (D:9)
  A mummy (D:11)
  15 gnolls
  8 adders
  9 river rats (Lair:1)
  A shadow imp (D:5)
  3 white imps
  2 ufetubi
  3 worms
  5 dart slugs
  66 orcs
  5 ball pythons
  7 bats
  6 endoplasms
  2 giant cockroaches (D:1)
  9 goblins
  11 hobgoblins
  4 jackals
  12 kobolds
  3 quokkas
  6 frilled lizards
  2 rats (D:1)
1021 creatures vanquished.

Vanquished Creatures (others)
  Kirke (Swamp:1)
  A salamander mystic (Snake:4)
  A komodo dragon (D:13)
  A bloated husk (Swamp:1)
  An orc (D:11)
  2 foxfires (Swamp:3)
7 creatures vanquished.

Grand Total: 1028 creatures vanquished

Notes
Turn   | Place    | Note
-------+----------+-------------------------------------------
     0 | D:1      | tizbic2 the Formicid Hunter began the quest for the Orb.
     0 | D:1      | Reached XP level 1. HP: 16/16 MP: 1/1
   134 | D:1      | Reached XP level 2. HP: 23/23 MP: 2/2
   187 | D:1      | Reached skill level 1 in Shields
   479 | D:1      | Reached XP level 3. HP: 28/28 MP: 3/3
   750 | D:2      | Found a faded altar of an unknown god.
   758 | D:2      | Prayed at the altar of an unknown god.
   758 | D:2      | Became a worshipper of Zin the Law-Giver
   758 | D:2      | Reached * piety under Zin
   899 | D:2      | Reached XP level 4. HP: 31/34 MP: 4/4
   965 | D:2      | Reached skill level 5 in Ranged Weapons
   970 | D:2      | Reached skill level 1 in Invocations
  1086 | D:2      | Reached XP level 5. HP: 41/41 MP: 5/5
  1150 | D:2      | Found a shimmering altar of Xom.
  1304 | D:3      | Noticed an ogre
  1312 | D:3      | Killed an ogre
  1313 | D:3      | Reached XP level 6. HP: 36/47 MP: 7/7
  1529 | D:3      | Reached ** piety under Zin
  1607 | D:3      | Found Kuafigui's Magic Scroll Shoppe.
  1769 | D:3      | Found a shadowy altar of Dithmenos.
  1985 | D:4      | Found a shimmering blue altar of Sif Muna.
  2232 | D:4      | Reached XP level 7. HP: 54/54 MP: 9/9
  2259 | D:4      | Reached skill level 1 in Armour
  2831 | D:5      | Entered Level 5 of the Dungeon
  2878 | D:5      | Found Nanob's One-of-a-Kind Rings.
  2947 | D:5      | Found a staircase to the Ecumenical Temple.
  2956 | Temple   | Entered the Ecumenical Temple
  3186 | D:5      | Reached XP level 8. HP: 58/61 MP: 10/10
  3281 | D:5      | Reached *** piety under Zin
  3305 | D:5      | Noticed Grinder
  3321 | D:5      | Killed Grinder
  3322 | D:5      | Reached skill level 5 in Fighting
  3409 | D:5      | Found an iron altar of Okawaru.
  3638 | D:6      | Reached skill level 5 in Invocations
  3743 | D:6      | Reached XP level 9. HP: 66/69 MP: 12/12
  3882 | D:6      | Found a glowing silver altar of Zin.
  3925 | D:6      | Found a white marble altar of Elyvilon.
  3925 | D:6      | Found an ornate altar of the Wu Jian Council.
  4266 | D:6      | Found an opulent altar of Gozag.
  4275 | D:6      | Found an opulent altar of Gozag.
  4275 | D:6      | Found an opulent altar of Gozag.
  4284 | D:6      | Found an opulent altar of Gozag.
  4311 | D:6      | Reached **** piety under Zin
  5060 | D:7      | Found a sparkling altar of Nemelex Xobeh.
  5375 | D:8      | Found a broken altar of Ashenzari.
  5418 | D:8      | Found a glowing golden altar of the Shining One.
  5606 | D:8      | Reached skill level 5 in Armour
  5747 | D:8      | Reached XP level 10. HP: 51/77 MP: 14/14
  5775 | D:8      | Reached ***** piety under Zin
  6109 | D:8      | Reached skill level 10 in Ranged Weapons
  6363 | D:8      | Found an ancient bone altar of Kikubaaqudgha.
  6556 | D:9      | Found a snail-covered altar of Cheibriados.
  6566 | D:9      | Found a hazy altar of Hepliaklqana.
  6573 | D:9      | Found a hide-covered altar of Uskayaw.
  6623 | D:9      | Found a radiant altar of Vehumet.
  6766 | D:9      | Found a burning altar of Makhleb.
  7481 | D:10     | Entered Level 10 of the Dungeon
  7528 | D:10     | Noticed an unseen horror
  7544 | D:10     | Killed an unseen horror
  7550 | D:10     | Reached XP level 11. HP: 55/86 MP: 17/17
  8049 | D:10     | Noticed a cyclops
  8049 | D:10     | Noticed a cyclops
  8053 | D:10     | Noticed an ogre mage
  8357 | D:10     | Found a transporter.
  8357 | D:10     | Found a transporter.
  8357 | D:10     | Noticed a cyclops
  8362 | D:10     | Noticed an orc sorcerer
  8518 | D:11     | Reached ****** piety under Zin
  8993 | D:11     | Noticed Nergalle
  9016 | D:11     | Killed Nergalle
  9175 | D:11     | Found a staircase to the Lair.
  9175 | D:11     | You fall into a shaft and drop 2 floors!
  9188 | D:13     | Noticed Urug
  9215 | D:13     | Killed Urug
  9226 | D:13     | HP: 3/87 [slime creature (12)]
  9226 | D:13     | Zin protects you from harm!
  9232 | D:13     | You fall into a shaft and drop 1 floor!
  9484 | D:13     | Noticed a boulder beetle
  9510 | D:13     | Noticed a boulder beetle
  9567 | D:14     | Noticed a seven-headed hydra
  9582 | D:14     | Killed a one-headed hydra
  9807 | D:13     | Killed a boulder beetle
 10069 | D:13     | Killed a boulder beetle
 10205 | D:13     | Noticed qdestroyer's ghost (journeyman GnFi)
 10212 | D:13     | Noticed a cyclops
 10215 | D:13     | Killed a cyclops
 10220 | D:13     | Found Umisch's Distillery.
 10224 | D:13     | Noticed a seven-headed hydra
 10237 | D:13     | Killed a one-headed hydra
 10238 | D:13     | Reached XP level 12. HP: 82/96 MP: 19/19
 10284 | D:13     | Found Mymeneam's Distillery.
 10326 | D:13     | Bought a potion of heal wounds for 85 gold pieces
 10326 | D:13     | Bought a potion of curing for 51 gold pieces
 10359 | D:13     | Noticed a boulder beetle
 10367 | D:13     | Bought a potion of might for 52 gold pieces
 10799 | D:13     | Killed a boulder beetle
 10800 | D:13     | Reached skill level 10 in Invocations
 10833 | D:13     | Reached skill level 1 in Long Blades
 10992 | D:13     | Noticed a vault guard
 11008 | D:13     | Killed a vault guard
 11040 | D:13     | Noticed a vault guard
 11041 | D:13     | Noticed a deep elf knight
 11058 | D:13     | Killed a deep elf knight
 11075 | D:13     | Killed a vault guard
 11115 | D:13     | Noticed a vault guard
 11124 | D:13     | Reached skill level 10 in Fighting
 11138 | D:13     | Killed a vault guard
 11177 | D:13     | Found a gate to the Vaults.
 11177 | D:13     | Noticed a vault guard
 11177 | D:13     | Noticed a vault guard
 11209 | D:13     | Killed a vault guard
 11211 | D:13     | Killed a vault guard
 11250 | D:13     | Found a runed translucent door.
 11381 | D:12     | HP: 2/97 [large slime creature (21)]
 11624 | D:13     | Reached XP level 13. HP: 86/103 MP: 20/20
 11765 | D:12     | Noticed a centaur warrior
 11768 | D:12     | Killed a centaur warrior
 12730 | D:3      | Bought a scroll of enchant armour for 82 gold pieces
 12730 | D:3      | Bought a scroll of enchant armour for 82 gold pieces
 12938 | D:10     | Killed an ogre mage
 13104 | D:10     | Got Sif Muna's Dissertation on the Congealing Grave
 13178 | D:11     | Reached skill level 10 in Armour
 13631 | D:11     | Found Kaxzumar's Weapon Boutique.
 13692 | D:11     | Found a snail-covered altar of Cheibriados.
 13824 | D:11     | Noticed a centaur warrior
 13834 | D:11     | Killed a centaur warrior
 14000 | D:11     | Found a staircase to the Orcish Mines.
 14016 | Orc:1    | Entered Level 1 of the Orcish Mines
 14016 | Orc:1    | You fall into a shaft and drop 1 floor!
 14016 | Orc:2    | Entered Level 2 of the Orcish Mines
 14016 | Orc:2    | Found Xodoatse's General Store.
 14100 | Orc:1    | Noticed an ettin
 14109 | Orc:1    | Killed an ettin
 14285 | Orc:1    | Found a dark tunnel.
 14294 | Volcano  | Entered a volcano
 14508 | Volcano  | Found a radiant altar of Vehumet.
 14537 | Volcano  | Noticed a stone giant
 14565 | Volcano  | Killed a stone giant
 14566 | Volcano  | Reached skill level 5 in Long Blades
 15145 | Orc:2    | Found a staircase to the Elven Halls.
 15376 | Orc:1    | You fall into a shaft and drop 1 floor!
 15405 | Orc:1    | Reached XP level 14. HP: 37/113 MP: 22/22
 16384 | Orc:2    | Noticed an orc warlord
 16411 | Orc:2    | Killed an orc warlord
 16412 | Orc:2    | Reached skill level 15 in Ranged Weapons
 16586 | Orc:2    | Found Letrauff's Jewellery Boutique.
 17026 | Orc:2    | Found Dusefeunt's Antique Weapon Shop.
 17123 | Orc:2    | Found Beppymm's Antique Armour Emporium.
 17491 | D:5      | Bought the ring "Suwud" {+Blink rElec rCorr MP+9 Int-4
                  | Slay+4} for 956 gold pieces
 17675 | Lair:1   | Entered Level 1 of the Lair of Beasts
 19103 | Lair:2   | Found a staircase to the Swamp.
 19220 | Lair:2   | Found a staircase to the Snake Pit.
 19510 | Lair:2   | Reached XP level 15. HP: 112/120 MP: 24/24
 20007 | Lair:3   | Noticed selver's ghost (journeyman TrBe)
 20553 | Lair:3   | Found a transporter.
 20585 | Lair:3   | Found a transporter.
 20621 | Lair:3   | Killed selver's ghost
 20622 | Lair:3   | Reached skill level 5 in Shields
 21439 | Lair:4   | Found a staircase to the Slime Pits.
 21545 | Lair:4   | Identified a scroll of acquirement
 21546 | Lair:4   | Acquired the +0 kite shield "Tifunuxt" {rN+ Str-3 Dex+5}
 21725 | Lair:5   | Entered Level 5 of the Lair of Beasts
 22052 | Lair:5   | Found a runed translucent door.
 22052 | Lair:5   | Noticed Rupert
 22237 | Lair:5   | Noticed Snorg
 22255 | Lair:5   | Killed Snorg
 22657 | Orc:2    | Bought the amulet "Muhukioh" {Spirit Str+2 SInv} for 544
                  | gold pieces
 22725 | Orc:2    | Found a runed translucent gate.
 22725 | Orc:2    | Found a runed translucent gate.
 22725 | Orc:2    | Found a runed translucent gate.
 22745 | Orc:2    | Noticed esper6's ghost (journeyman DsBr)
 22762 | Orc:2    | Killed esper6's ghost
 22990 | D:13     | Killed qdestroyer's ghost
 23008 | D:13     | Got the Compendium of Detritus
 23100 | Snake:1  | Entered Level 1 of the Snake Pit
 23183 | Snake:1  | Found Guupius's Weapon Boutique.
 23391 | Snake:1  | Found Tuegoq's Gadget Gallery.
 23559 | Snake:1  | Reached XP level 16. HP: 123/129 MP: 26/26
 24919 | Snake:2  | Noticed Azrael
 24943 | Snake:2  | Killed Azrael
 24994 | Snake:2  | Found Janaval's Antique Weapon Shoppe.
 25074 | Snake:2  | Bought a glowing arbalest for 187 gold pieces
 25138 | Snake:2  | Noticed Asterion
 25151 | Snake:2  | Killed Asterion
 25307 | Snake:2  | You fall into a shaft and drop 1 floor!
 25639 | Snake:2  | Reached skill level 10 in Shields
 25713 | Snake:2  | Identified the +0 pair of boots of a Million Invaders
                  | {rElec rN+ Dex+3}
 26124 | Snake:2  | Reached XP level 17. HP: 92/138 MP: 27/27
 26174 | Snake:2  | Identified the staff of poison "Yrobuism" {rPois rC- rN+
                  | Str+7}
 26440 | Snake:2  | Got Sif Muna's Cyclopedia of the Star-crossed Tincture
 26831 | Snake:3  | Found Rafolaq's Antique Armour Emporium.
 27254 | Snake:3  | Reached skill level 15 in Invocations
 27680 | Snake:4  | Entered Level 4 of the Snake Pit
 27684 | Snake:4  | Noticed Mara
 28103 | Snake:4  | Noticed Bai Suzhen
 28118 | Snake:4  | Killed Bai Suzhen
 28279 | Snake:4  | Reached skill level 15 in Armour
 28609 | Snake:4  | Noticed tizbic2's illusion
 28810 | Snake:4  | Reached XP level 18. HP: 126/147 MP: 29/29
 28921 | Snake:4  | Noticed Aizul
 28947 | Snake:4  | Killed Aizul
 29062 | Snake:4  | Got a serpentine rune of Zot
 29930 | Lair:5   | Reached skill level 15 in Fighting
 30110 | Swamp:1  | Entered Level 1 of the Swamp
 30209 | Swamp:1  | Noticed Kirke
 30290 | Swamp:1  | Killed Kirke
 30301 | Swamp:1  | Found a frozen archway.
 30501 | Swamp:1  | Acquired 631 gold pieces
 30627 | Snake:1  | Bought the +8 storm bow {elec, penet} for 884 gold pieces
 30627 | Snake:1  | Found the +8 storm bow {elec, penet}
 31176 | Swamp:2  | Got Ereshkigal's Tome of Striking and Sciomancy
 31547 | Swamp:3  | Identified Roxanne's Tome of the Xenolith
 31547 | Swamp:3  | Noticed Roxanne
 31783 | Swamp:3  | Reached XP level 19. HP: 155/155 MP: 31/31
 31897 | Swamp:3  | Acquired the ring "Xitol" {Fly rF+ rCorr Str+4 SInv}
 32191 | Swamp:3  | Learned a level 1 spell: Apportation
 32254 | Swamp:3  | Killed Roxanne
 32278 | Swamp:4  | Entered Level 4 of the Swamp
 33460 | Swamp:4  | Identified the +1 pair of gloves "Maefary" {rCorr}
 33502 | Swamp:4  | Got a decaying rune of Zot
 33693 | Slime:1  | Entered Level 1 of the Pits of Slime
 33953 | Slime:1  | HP: 7/157 [quicksilver ooze (3)]
 33954 | Slime:1  | HP: 2/157 [drowned by a quicksilver ooze (9)]
 33966 | Lair:4   | Drowned by a quicksilver ooze

Illustrated notes

Levels and vault maps discovered:
D:1:      amcnicky_arrival_flooded_fountain, layout_basic
D:2:      layout_rooms, basic_altar, ebering_ecumenical_altar_hall,
          nicolae_titane
D:3:      layout_basic, mainiacjoe_overflow_small_starburst, serial_shops,
          nicolae_shop_tiny_waterfront, guppyfry_early_orc_mine
D:4:      nicolae_BIG_FREAKIN_CUBE, layout_loops_ring,
          mainiacjoe_overflow_cross_hatched
D:5:      layout_basic, marbit_many_paths, lemuel_temple_firewalk_b,
          nicolae_shop_unique_rings, uniq_grinder
D:6:      layout_gridville, nicolae_gozag_conspicuous_consumption,
          general_overflow_altar, gammafunk_temple_overflow_elements
D:7:      layout_loops_corners, nemelex_spade_bored_becter
D:8:      layout_cave_pools, lemuel_round_altar, nicolae_overflow_crystal_walls,
          mainiacjoe_overflow_paths, minmay_misc_feat_rugged,
          grunt_decor_resistance, dreamdust_deal_with_the_devil, kennysheep_dice
D:9:      layout_cave_pools, grunt_temple_overflow_lords_of_destruction,
          minmay_overflow_temple_star_quad, serial_undead, serial_undead_b,
          serial_undead_f, serial_undead_a, serial_undead_b
D:10:     gammafunk_beogh_shrine, layout_basic
D:11:     layout_roguey, david_lair_generic, david_orc_4, serial_shops,
          nicolae_shop_tiny_waterfront, amcnicky_mini_corridor_feature,
          nrook_loot_triangle, chei_slow_surprise, uniq_nergalle
D:12:     layout_loops_cross, kb_lookout_dungeons_type,
          kennysheep_generic_room_6
D:13:     layout_cross, grunt_vaults_entry_fortified, hellmonk_ghost_big_iron,
          serial_shops, nicolae_shop_window_shopping, nicolae_square_shop,
          uniq_urug
D:14:     layout_basic, minmay_stone_trees_medium,
          nicolae_sif_muna_little_library, uniq_nessos
Temple:   nicolae_temple_bog_church
Lair:1:   layout_misc_corridors, kennysheep_rathole
Lair:2:   layout_gridlike, nicolae_swamp_entry_spooky,
          guppyfry_snake_entry_garden, gauntlet_entry_generic,
          serial_bayou_ford_a
Lair:3:   layout_regular_city, nzn_ghost_randoct, bh_autumn_forest_stairs
Lair:4:   layout_regular_city, nicolae_slime_entry_field_trip
Lair:5:   due_jungle_book, layout_small_grid, pdpol_lair_cabin_in_the_woods,
          uniq_snorg
Swamp:1:  layout_basic_swamp, portal_ice_cave_entry_dragon,
          evilmike_swamp_ruin_house_4, swamp_pool1, uniq_kirke
Swamp:2:  layout_basic_swamp, nicolae_swamp_very_dense_foliage,
          infiniplex_staircase_pool_2
Swamp:3:  nicolae_swamp_phyte_club, layout_basic_swamp, hangedman_swamp_lotus,
          uniq_roxanne
Swamp:4:  swamp_basic_johnstein, layout_basic_swamp, infiniplex_staircase_pool
Snake:1:  layout_chambers, serial_shops, shop, nicolae_shop_gadgets,
          grunt_megastairs_2
Snake:2:  kennysheep_snake, layout_grid_maze, serial_shops,
          nicolae_shop_window_shopping, uniq_asterion, uniq_azrael
Snake:3:  layout_onion_interference, serial_shops, nicolae_shop_tiny_glass
Snake:4:  snake_pit, layout_cave_town, drop_trap, uniq_bai_suzhen, uniq_aizul,
          uniq_mara
Slime:1:  layout_caves
Slime:2:  layout_caves, nicolae_slime_round_cave
Orc:1:    layout_caves, nicolae_volcano_entry_hallway, lemuel_statue_altar
Orc:2:    grunt_orc_gardens, layout_caves, grunt_orc_garden, grunt_orc_garden,
          grunt_orc_garden, grunt_orc_garden, basic_altar,
          ebering_ghost_rock_garden

Skill      XL: |  1  2  3  4  5  6  7  8  9 10 11 12 13 14 15 16 17 18 19 |
---------------+----------------------------------------------------------+-----
Shields        | 1 2 4 7 10 11 13 14 | 14.3
Fighting       | 3 4 5 6 8 9 10 11 12 13 14 15 16 | 16.3
Ranged Weapons | 5 6 8 9 11 12 13 14 15 16 17 18 | 18.0
Invocations    | 1 2 3 5 6 8 9 10 11 12 13 14 15 16 17 | 17.3
Armour         | 2 3 5 6 8 9 10 11 12 13 15 17 18 | 18.3
Long Blades    | 3 5 6 |  6.9
Dodging        | |  1.7
Stealth        | |  1.2

Action                     |  1- 3 |  4- 6 |  7- 9 | 10-12 | 13-15 | 16-18 | 19-21 || total
---------------------------+-------+-------+-------+-------+-------+-------+-------++-------
  Melee: Great sword       |       |       |       |   111 |    18 |    22 |       ||   151
         Hand axe          |       |       |       |    66 |   117 |       |       ||   183
         Punch             |       |       |       |     5 |       |       |       ||     5
         Scimitar          |       |       |       |     2 |     3 |     4 |       ||     9
   Fire: Shortbow          |    62 |   143 |   298 |   371 |   393 |   394 |       ||  1661
         Arbalest          |       |       |       |     9 |   689 |   609 |     1 ||  1308
         Longbow           |       |       |       |       |       |   167 |   361 ||   528
 Invoke: Recite            |       |       |    15 |    23 |    49 |    89 |    16 ||   192
         Vitalisation      |       |       |       |     4 |     2 |     7 |     1 ||    14
         Imprison          |       |       |       |     1 |       |       |       ||     1
         Sanctuary         |       |       |       |       |       |       |     2 ||     2
Ability: Dig               |       |     1 |     2 |     4 |     1 |       |       ||     8
         Shaft Self        |       |       |       |     1 |       |       |       ||     1
  Evoke: Wand              |       |       |       |     1 |       |       |       ||     1
         Phial of floods   |       |       |       |       |       |       |     1 ||     1
    Use: Scroll            |     1 |     5 |     8 |     7 |    17 |     3 |     3 ||    44
         Potion            |       |     3 |     4 |    12 |     4 |     7 |     5 ||    35
   Stab: Confused          |       |       |       |       |     2 |     1 |       ||     3
         Paralysed         |       |       |       |       |    11 |       |       ||    11
         Invisible         |       |       |       |       |     3 |       |       ||     3
 Armour: Ring mail         |     9 |    26 |       |       |       |       |       ||    35
         Chain mail        |       |     4 |    96 |       |       |       |       ||   100
         Plate armour      |       |       |   100 |       |       |       |       ||   100
         Crystal plate arm |       |       |    42 |   785 |  1120 |   643 |   325 ||  2915
         Skin              |       |       |       |    26 |       |       |     2 ||    28
         Swamp dragon scal |       |       |       |       |       |    14 |    30 ||    44
  Dodge: Dodged            |    17 |    47 |   106 |   166 |   515 |   295 |   105 ||  1251
         Repelled          |       |       |       |       |       |     2 |       ||     2
  Block: Other             |       |       |       |    70 |       |       |       ||    70
         Buckler           |       |       |       |    45 |   732 |       |       ||   777
         Reflection        |       |       |       |     7 |    14 |    67 |    12 ||   100
         Kite shield       |       |       |       |       |   167 |   229 |       ||   396
         Tower shield      |       |       |       |       |       |   743 |   452 ||  1195
